 Dungeon Crawl Stone Soup version 0.30-a0-393-g54b8e3be05 (webtiles) character file.

Game seed: 11463634711388048421

748 retardedninja the Trooper (level 7, 0/63 HPs)
             Began as a Hill Orc Fighter on Dec 5, 2022.
             Killed by nerve-wracking pain
             ... invoked by Menkaure
              (12 damage)
             ... on level 5 of the Dungeon.
             The game lasted 00:06:33 (4183 turns).

retardedninja the Trooper (Hill Orc Fighter)        Turns: 4183, Time: 00:06:33

Health: 0/63       AC: 13    Str: 18 (21) XL:     7   Next: 77%
Magic:  7/7        EV:  5    Int:  6 (8)  God:
Gold:   230        SH:  6    Dex:  7 (10) Spells: 6/6 levels left

rFire   . . .      SeeInvis .    a - +0 war axe
rCold   . . .      Faith    .    q - +2 buckler
rNeg    . . .      Spirit   .    c - +0 plate armour
rPois   .          Reflect  .    (no helmet)
rElec   .          Harm     .    (no cloak)
rCorr   .          Rampage  .    (no gloves)
Will    .....                    h - +0 pair of boots
Stlth   ..........               (no amulet)
HPRegen 0.30/turn                (no ring)
MPRegen 0.10/turn                (no ring)

@: hasted, very quick
A: no striking features
a: no special abilities


You were on level 5 of the Dungeon.
You visited 1 branch of the dungeon, and saw 5 of its levels.

You collected 230 gold pieces.

Inventory:

Hand Weapons
 a - a +0 war axe (weapon)
Armour
 c - a +0 plate armour (worn)
 h - a +0 pair of boots (worn)
 q - a +2 buckler (worn)
Jewellery
 n - a ring of positive energy
Scrolls
 b - a scroll of enchant armour {unknown}
 d - a scroll of butterflies {unknown}
 g - a scroll of brand weapon {unknown}
 j - a scroll of enchant weapon {unknown}
 k - 2 scrolls of identify {unknown}
 o - a scroll of summoning {unknown}
 p - a scroll of poison {unknown}
 r - a scroll of teleportation {unknown}
 s - a scroll of blinking {unknown}
Potions
 f - a potion of degeneration
 l - a potion of flight {unknown}


   Skills:
 + Level 6.1 Fighting
 + Level 6.0 Axes
 + Level 5.6 Armour
 + Level 5.6 Shields


You had 6 spell levels left.
You didn't know any spells.
Your spell library contained the following spells:

 Spells                   Type           Power      Damage    Failure   Level
 Apportation              Tloc           0%         N/A       100%        1
 Magic Dart               Conj           0%         1d3       100%        1
 Call Imp                 Summ           0%         N/A       100%        2
 Mephitic Cloud           Conj/Pois/Air  0%         N/A       100%        3
 Alistair's Intoxication  Tmut/Pois      0%         N/A       100%        5


Dungeon Overview and Level Annotations

Branches:
Dungeon (5/15)
 Temple: D:4-7

Altars:
Ashenzari
The Shining One

Annotations:
D:5 Menkaure, Sigmund


Message History

* * * LOW HITPOINT WARNING * * *
You feel much better. The iguana barely misses you.
It was a potion of curing.
You feel better.
Menkaure rustles drily.
Menkaure calls on the powers of darkness!
The iguana convulses!
Your body is wracked with pain!
The iguana bites you but does no damage.
It was a potion of haste.
You feel yourself speed up.
Menkaure sighs, "It doesn't hurt if you pull your brain out of your nose yourself."
Menkaure hits you.
The iguana bites you but does no damage.
It was a potion of degeneration.
There was something very wrong with that liquid.
You feel weakened.
You feel dopey.
You feel clumsy. Menkaure hits you!
* * * LOW HITPOINT WARNING * * *
You feel better. The iguana bites you.
* * * LOW HITPOINT WARNING * * *
You block Menkaure's attack.
Okay, then.
You hit Menkaure.
Menkaure is lightly damaged.
You hit the iguana.
You kill the iguana!
Menkaure hits you.
* * * LOW HITPOINT WARNING * * *
Your Axes skill increases to level 6!
You feel better. Menkaure hits you!
* * * LOW HITPOINT WARNING * * *
You barely miss Menkaure.
Menkaure is lightly damaged.
Menkaure hits you.
* * * LOW HITPOINT WARNING * * *
You slash Menkaure!
Menkaure is heavily damaged.
You block Menkaure's attack.
You see here a howler monkey corpse.
Menkaure points at you and mumbles some strange words.
Pain shoots through your body!
You die...

#...#########...#... #
#...'..........#..## .#
#...#########.#...##
.###.^.# ##...... ..######
#.#.### #.# #.#.# ## #.#
############.#.#
...#####.####..............#
#...........@............>#
##....M####.############.#
#..$.†.# #.### ##'##
#....#.###...# #...#
..#....#M.)....# #...#
#.#.......#....# ##...##
#.#.####..##...# #......
#.#.# #..##...# #......
#.#{# #..##..[# #......


You could see Menkaure (fast).

Vanquished Creatures
  A black bear (D:5)
  2 ogres
  A phantom (D:4)
  2 necrophages
  A howler monkey (D:5)
  A crimson imp (D:3)
  3 iguanas
  A gnoll (D:1)
  5 adders
  A white imp (D:4)
  An ufetubus (D:4)
  5 worms
  2 dart slugs (D:1)
  2 orcs
  5 bats
  7 endoplasms
  A giant cockroach (D:3)
  6 goblins
  A hobgoblin (D:3)
  5 kobolds
  4 quokkas
  3 ball pythons
  5 frilled lizards
  A goblin skeleton (D:3)
  A goblin zombie (D:3)
  4 hobgoblin zombies (D:3)
  A kobold skeleton (D:3)
  A kobold zombie (D:3)
  An orc skeleton (D:3)
  An orc zombie (D:3)
  7 rats
82 creatures vanquished.

Notes
Turn   | Place    | Note
-------+----------+-------------------------------------------
     0 | D:1      | retardedninja the Hill Orc Fighter began the quest for the
                  | Orb.
     0 | D:1      | Reached XP level 1. HP: 19/19 MP: 1/1
   132 | D:1      | Reached XP level 2. HP: 26/27 MP: 2/2
   922 | D:2      | Reached XP level 3. HP: 31/33 MP: 3/3
  1763 | D:3      | Reached XP level 4. HP: 40/40 MP: 4/4
  1797 | D:3      | Found a broken altar of Ashenzari.
  2126 | D:3      | Found a glowing golden altar of the Shining One.
  2154 | D:3      | Reached XP level 5. HP: 45/47 MP: 5/5
  2222 | D:3      | You fall into a shaft and drop 1 floor!
  2764 | D:4      | Noticed an ogre
  2771 | D:4      | Reached XP level 6. HP: 50/55 MP: 6/6
  2773 | D:4      | Reached skill level 5 in Fighting
  2805 | D:4      | Reached skill level 5 in Axes
  2985 | D:4      | Reached skill level 5 in Shields
  3005 | D:4      | Reached skill level 5 in Armour
  3427 | D:5      | Entered Level 5 of the Dungeon
  3432 | D:5      | Noticed a black bear
  3437 | D:5      | Noticed Sigmund
  3450 | D:5      | Killed a black bear
  3451 | D:5      | Reached XP level 7. HP: 33/62 MP: 7/7
  4159 | D:5      | Noticed Menkaure
  4183 | D:5      | Killed from afar by Menkaure

Illustrated notes

Levels and vault maps discovered:
D:1:      nicolae_arrival_somewhat_less_tricky_arrival, layout_basic,
          nicolae_hexahallways
D:2:      layout_basic
D:3:      layout_loops_ring, nicolae_tso_besieged_by_evil, ashenzari_altar_1,
          serial_glass, glass_columns_a, glass_columns_b, columned_hall_lemuel,
          nicolae_kite_square_tiling_tiny
D:4:      layout_cave_pods, kennysheep_generic_room_14
D:5:      minmay_bubble_buster, layout_basic, minivault_26, grunt_decor_clamped,
          uniq_menkaure, uniq_sigmund

Skill      XL: |  1  2  3  4  5  6  7 |
---------------+----------------------+-----
Axes           | 3 4 5 6 |  6.0
Fighting       | 4 5 6 |  6.1
Armour         | 4 5 |  5.6
Shields        | 4 5 |  5.6

Action                   |  1- 3 |  4- 6 |  7- 9 || total
-------------------------+-------+-------+-------++-------
Melee: War axe           |   105 |   149 |    27 ||   281
  Use: Potion            |       |     2 |     6 ||     8
Armor: Scale mail        |    50 |    49 |       ||    99
       Plate armour      |       |    63 |    11 ||    74
Dodge: Dodged            |    43 |    81 |     3 ||   127
Block: Buckler           |    18 |    53 |     6 ||    77

Table legend: (Time is in decaauts)
 A = Elapsed time spent in this place.
 B = Non-inter-level travel time spent in this place.
 C = Inter-level travel time spent in this place.
 D = Time resting spent in this place.
 E = Time spent auto-exploring this place.
 F = Levels seen in this place.
 G = Mean time per level.
                   A        B        C        D        E       F      G
               +--------+--------+--------+--------+--------+-----+--------+
         Total |   4272 |   4014 |    258 |    653 |   2640 |   5 |  854.4 |
       Dungeon |   4272 |   4014 |    258 |    653 |   2640 |   5 |  854.4 |
               +--------+--------+--------+--------+--------+-----+--------+

Top non-repeatable levels by time:
     D:4: 1126 daAuts
     D:2: 981 daAuts
     D:3: 903 daAuts
     D:1: 895 daAuts
     D:5: 366 daAuts
